 Dungeon Crawl Stone Soup version 0.30-a0-953-g5f1da4a474 (webtiles) character file.

Game seed: 4131828726435753669

368 Darius099 the Cleaver (level 6, -1/51 HPs)
             Began as a Minotaur Fighter on Mar 29, 2023.
             Slain by a centaur (2 damage)
             ... on level 4 of the Dungeon.
             The game lasted 00:05:46 (2706 turns).

Darius099 the Cleaver (Minotaur Fighter)            Turns: 2706, Time: 00:05:47

Health: -1/51      AC:  6    Str: 22    XL:     6   Next: 41%
Magic:  5/5        EV:  9    Int:  5    God:
Gold:   196        SH:  4    Dex: 10    Spells: 5/5 levels left

rFire   . . .      SeeInvis .    a - +0 war axe
rCold   . . .      Faith    .    c - +0 buckler
rNeg    . . .      Spirit   .    b - +0 scale mail
rPois   .          Reflect  .    (helmet restricted)
rElec   .          Rampage  .    (no cloak)
rCorr   .                        (no gloves)
Will    .....                    (no boots) Stlth
                                 (no amulet)
HPRegen 0.28/turn                (no ring)
MPRegen 0.09/turn                (no ring)

@: no status effects
A: horns 2, retaliatory headbutt
a: no special abilities


You were on level 4 of the Dungeon.
You visited 1 branch of the dungeon, and saw 4 of its levels.

You collected 196 gold pieces.

Inventory:

Hand Weapons
 a - a +0 war axe (weapon)
Missiles
 r - 3 boomerangs (quivered)
Armour
 b - a +0 scale mail (worn)
 c - a +0 buckler (worn)
Wands
 s - a wand of polymorph (16)
Scrolls
 f - 8 scrolls of identify {unknown}
 g - a scroll of teleportation {unknown}
 h - 2 scrolls of torment {unknown}
 i - a scroll of enchant armour {unknown}
 j - a scroll of enchant weapon {unknown}
 k - a scroll of immolation {unknown}
 l - 2 scrolls of amnesia {unknown}
 n - 3 scrolls of magic mapping {unknown}
 o - a scroll of brand weapon {unknown}
 q - a scroll of poison {unknown}
 u - a scroll of blinking {unknown}
 v - a scroll of noise {unknown}
 w - a scroll of fear {unknown}
Potions
 d - 2 potions of might
 e - a potion of brilliance {unknown}
 m - 3 potions of heal wounds {unknown}
 p - a potion of flight {unknown}
 t - a potion of cancellation {unknown}
 x - a potion of haste {unknown}


   Skills:
 - Level 3.6 Fighting
 + Level 8.3 Axes
 - Level 3.6 Armour
 - Level 3.6 Shields


You had 5 spell levels left.
You didn't know any spells.
Your spell library contained the following spells:

 Spells                   Type           Power      Damage    Failure   Level
 Ensorcelled Hibernation  Hex/Ice        0%         N/A       95%         2
 Passwall                 Tmut/Erth      0%         N/A       95%         2
 Swiftness                Air            0%         N/A       99%         3


Dungeon Overview and Level Annotations

Branches:
Dungeon (4/15)
 Temple: D:4-7

Altars:
Hepliaklqana


Innate Abilities, Weirdness & Mutations

You have a pair of horns on your head.
You reflexively headbutt those who attack you in melee.


Message History

The centaur kicks you but does no damage.
The centaur unwields a +0 shortbow.
The centaur barely misses you.
The centaur kicks you but does no damage.
You hit the centaur.
The centaur is lightly wounded.
You barely miss the centaur. The centaur hits you. The centaur kicks you.
The centaur hits you. The centaur closely misses you. The centaur hits you.
The centaur kicks you but does no damage.
You block the centaur's attack. The centaur kicks you.
* * * LOW HITPOINT WARNING * * *
You slash the centaur! Your headbutt misses the centaur.
The centaur is heavily wounded.
You closely miss the centaur. The centaur hits you.
* * * LOW HITPOINT WARNING * * *
The centaur kicks you but does no damage.
The centaur barely misses you. You furiously retaliate!
You headbutt the centaur. The centaur kicks you.
* * * LOW HITPOINT WARNING * * *
The centaur hits you but does no damage.
The centaur kicks you.
* * * LOW HITPOINT WARNING * * *
You slash the centaur!
The centaur is almost dead.
You completely miss the centaur. The centaur barely misses you.
The centaur kicks you but does no damage.
The centaur hits you.
* * * LOW HITPOINT WARNING * * *
The centaur kicks you but does no damage.
The centaur hits you.
* * * LOW HITPOINT WARNING * * *
The centaur barely misses you.
You barely miss the centaur.
The centaur is almost dead.
You hit the centaur.
The centaur hits you but does no damage.
You block the centaur's attack. The centaur barely misses you. x2
The centaur completely misses you.
The centaur kicks you but does no damage.
The centaur hits you.
You die...

.. #.......##~ ...+
..#.......#~.
.....##.#.......#~. #
##.##..#.###.....'.P #.
#...##.....#....†#~.
+.# ..#.#.....#.....#~.
...#:#...###'#.....##~
#.#cc.#............## #
#..@##.............#
#).##.##...............
#.....................
##....................
###########....#####.
#....# #..>.# ....# ..#


You could see 2 centaurs.

Vanquished Creatures
  Grinder (D:3)
  A hound (D:3)
  4 adders
  3 gnolls (D:3)
  A worm (D:3)
  2 dart slugs
  2 orcs (D:3)
  7 endoplasms
  A giant cockroach (D:2)
  5 hobgoblins
  2 jackals (D:1)
  8 kobolds
  6 quokkas
  6 ball pythons
  6 bats
  4 frilled lizards
  4 goblins (D:1)
  7 rats
70 creatures vanquished.

Vanquished Creatures (others)
  2 plants (D:4)
2 creatures vanquished.

Grand Total: 72 creatures vanquished

Notes
Turn   | Place    | Note
-------+----------+-------------------------------------------
     0 | D:1      | Darius099 the Minotaur Fighter began the quest for the Orb.
     0 | D:1      | Reached XP level 1. HP: 19/19 MP: 0/0
   109 | D:1      | Reached skill level 3 in Axes
   266 | D:1      | Reached XP level 2. HP: 21/26 MP: 1/1
   527 | D:1      | Reached skill level 4 in Axes
   776 | D:2      | Reached XP level 3. HP: 31/31 MP: 2/2
  1160 | D:2      | Reached skill level 5 in Axes
  1605 | D:3      | Noticed Grinder
  1633 | D:3      | Reached XP level 4. HP: 31/39 MP: 3/3
  1679 | D:3      | Reached skill level 6 in Axes
  1936 | D:3      | HP: 1/39 [Grinder (2)]
  1939 | D:3      | Killed Grinder
  1940 | D:3      | Reached skill level 8 in Axes
  1940 | D:3      | Reached XP level 5. HP: 3/45 MP: 4/4
  1940 | D:3      | Reached XP level 6. HP: 3/51 MP: 5/5
  2196 | D:3      | Found a faded altar of an unknown god.
  2407 | D:3      | Found a hazy altar of Hepliaklqana.
  2705 | D:4      | HP: 1/51 [centaur (2)]
  2706 | D:4      | Slain by a centaur

Illustrated notes

Levels and vault maps discovered:
D:1:      roderic_dead_forest, layout_basic, minmay_pentomino_s2
D:2:      layout_loops_corners
D:3:      layout_basic, worldfamousw_hep_ancestral_shrine,
          hellmonk_ecumenical_altar_leap_of_faith,
          minmay_fractal_squares_diagonal_5, uniq_grinder
D:4:      layout_gridville, hangedman_glass_garden, minmay_manual_mares

Skill      XL: |  1  2  3  4 |
---------------+-------------+-----
Axes           | 3 4 5 8 |  8.3
Fighting       | |  3.6
Armour         | |  3.6
Shields        | |  3.6

Action                     |  1- 3 |  4- 6 || total
---------------------------+-------+-------++-------
  Melee: War axe           |    84 |    69 ||   153
         Headbutt          |     9 |     8 ||    17
 Armour: Scale mail        |    37 |    28 ||    65
  Dodge: Dodged            |    39 |    29 ||    68
  Block: Buckler           |    23 |    13 ||    36

Table legend: (Time is in decaauts)
 A = Elapsed time spent in this place.
 B = Non-inter-level travel time spent in this place.
 C = Inter-level travel time spent in this place.
 D = Time resting spent in this place.
 E = Time spent auto-exploring this place.
 F = Levels seen in this place.
 G = Mean time per level.
                   A        B        C        D        E       F      G
               +--------+--------+--------+--------+--------+-----+--------+
         Total |   2745 |   2678 |     67 |    222 |   1887 |   4 |  686.2 |
       Dungeon |   2745 |   2678 |     67 |    222 |   1887 |   4 |  686.2 |
               +--------+--------+--------+--------+--------+-----+--------+

Top non-repeatable levels by time:
     D:3: 1005 daAuts
     D:2: 922 daAuts
     D:1: 727 daAuts
     D:4: 90 daAuts
